 Dungeon Crawl Stone Soup version 0.20.1-1-g8b1a95d (webtiles) character file.

390 gobwax the Spear-Bearer (level 6, -2/44 HPs)
             Began as a Merfolk Skald on Sept 8, 2017.
             Slain by an ogre
             ... wielding a +0 giant spiked club
              (21 damage)
             ... on level 7 of the Dungeon.
             The game lasted 00:07:37 (4349 turns).

gobwax the Spear-Bearer (Merfolk Skald)             Turns: 4349, Time: 00:07:39

Health: -2/44      AC:  3    Str:  8 (11) XL:     6   Next: 80%
Magic:  18/18      EV: 12    Int: 17 (18) God:
Gold:   261        SH:  0    Dex: 10 (13) Spells: 8/9 levels left

rFire    . . .     SeeInvis .   a - +0 spear
rCold    . . .     Gourm    .   (no shield)
rNeg     . . .     Faith    .   b - +0 leather armour
rPois    .         Spirit   .   (no helmet)
rElec    .         Reflect  .   (no cloak)
rCorr    .         Harm     .   (no gloves)
MR       .....                  (no boots)
Stlth    +.........             (no amulet)
Regen    0.2/turn               n - +3 ring of intelligence
MPRegen  0.2/turn               s - ring of magical power

@: no status effects
A: change form in water, swift swim, stealthy swim
a: no special abilities


You were on level 7 of the Dungeon.
You were hungry.

You visited 1 branch of the dungeon, and saw 7 of its levels.

You collected 261 gold pieces.

Inventory:

Hand Weapons
 a - a +0 spear (weapon)
Missiles
 i - 7 curare-tipped needles
 w - 2 needles of confusion
Armour
 b - a +0 leather armour (worn)
Jewellery
 n - a +3 ring of intelligence (left hand)
 s - a ring of magical power (right hand)
Wands
 v - a wand of polymorph (24/24)
Scrolls
 f - a scroll of remove curse
 h - 2 scrolls of identify
 o - a scroll of magic mapping
Potions
 e - 2 potions of mutation {unknown}
 m - a potion of degeneration
 q - a potion of magic {unknown}
 r - a potion of agility {unknown}
 t - a potion of haste {unknown}
Books
 c - a book of Battle

   Spells                             Type                      Level
   a - Infusion                       Charms                       1
   b - Shroud of Golubria             Charms/Translocation         2
   c - Song of Slaying                Charms                       2
   d - Spectral Weapon                Hexes/Charms                 3
   e - Regeneration                   Charms/Necromancy            3
Comestibles
 d - 3 bread rations
 g - a meat ration
 p - 3 fruits


   Skills:
 - Level 2.1 Fighting
 * Level 10.0 Polearms
 - Level 0.6 Armour
 - Level 2.6 Dodging
 - Level 2.0 Spellcasting
 - Level 3.2 Charms


You had 8 spell levels left.
You knew the following spells:

 Your Spells              Type           Power        Failure   Level  Hunger
a - Infusion              Chrm           ##..         7%          1    #......


Dungeon Overview and Level Annotations

Branches:
Dungeon (7/15)
 Temple: D:4-7

Altars:
Cheibriados

Annotations:
D:4 Gnungangingling's ghost, amateur HOFi
D:5 Blork the orc
D:6 Dowan; Duvessa


Message History

The ogre hits you with a giant spiked club!!
Ouch! That really hurt!
* * * LOW HITPOINT WARNING * * *
You closely miss the orc.
The orc is moderately wounded.
You feel less invigorated.
You feel less confused.
You hit the orc but do no damage.
The orc is moderately wounded.
The orc hits you with a hand axe.
* * * LOW HITPOINT WARNING * * *
You are confused.
You feel invigorated. The ogre closely misses you. The orc barely misses you.
You bump into the rock wall.
The ogre barely misses you. The orc barely misses you.
You're too confused to move!
You feel less invigorated.
You feel less confused. The orc hits you with a hand axe.
The ogre hits you with a giant spiked club!!
You die...

*,********,,,,,
*,,,,,,,,+,,,,,
**********,,,,,
#############>,,,,
#.....O..<..#,****
#.#########.#,*
#.#,,,,,,,#.#,*
#O#,*****,#.#,*
#@#,*** *,#.#,****
#o#,,,* *,#.#,**,,
#.#**,***,#.O,,,,,
#.#,,,,,,,.>.,*,,,
#.#,*,,**,....*,,,
#.#,*,,**,....,,,,
#.#,*,,**......,,,
#.#,*,,**,,,,,*,,,
*,*,*,,**,,,,,,,,,


You could see an ogre and an orc.

Vanquished Creatures
  An ogre (D:5)
  A howler monkey (D:3)
  An orc priest (D:3)
  2 orc wizards (D:3)
  A centaur skeleton (D:3)
  An iguana (D:4)
  3 adders
  A shadow imp (D:5)
  An ooze (D:4)
  2 worms (D:2)
  3 leopard geckos
  11 orcs
  2 ball pythons
  7 bats
  2 giant cockroaches
  3 goblins
  11 hobgoblins
  4 jackals (D:1)
  7 kobolds
  A quokka (D:5)
  2 frilled lizards
  11 rats
78 creatures vanquished.

Notes
Turn   | Place    | Note
-------+----------+-------------------------------------------
     0 | D:1      | gobwax the Merfolk Skald began the quest for the Orb.
     0 | D:1      | Reached XP level 1. HP: 16/16 MP: 3/3
   486 | D:1      | Reached skill level 4 in Polearms
   486 | D:1      | Reached XP level 2. HP: 22/22 MP: 5/5
   995 | D:2      | Reached skill level 5 in Polearms
   995 | D:2      | Reached XP level 3. HP: 20/27 MP: 1/6
  2084 | D:2      | Reached skill level 6 in Polearms
  2113 | D:3      | Reached XP level 4. HP: 31/33 MP: 2/7
  2378 | D:3      | HP: 1/33 [orc wizard/dagger (6)]
  2381 | D:3      | Reached skill level 7 in Polearms
  2381 | D:3      | Reached XP level 5. HP: 1/38 MP: 2/8
  2810 | D:3      | Reached skill level 8 in Polearms
  3406 | D:3      | Reached XP level 6. HP: 43/44 MP: 4/9
  3432 | D:3      | Reached skill level 9 in Polearms
  3686 | D:4      | Noticed Gnungangingling's ghost (amateur HOFi)
  3902 | D:4      | Found a snail-covered altar of Cheibriados.
  3925 | D:5      | Entered Level 5 of the Dungeon
  4085 | D:5      | Reached skill level 10 in Polearms
  4258 | D:5      | Noticed Blork the orc
  4276 | D:6      | Noticed Duvessa
  4276 | D:6      | Noticed Dowan
  4276 | D:6      | Noticed an ice beast
  4276 | D:6      | Noticed a phantom
  4327 | D:7      | HP: 2/44 [ogre/giant spiked club (12)]
  4349 | D:7      | Slain by an ogre

Skill      XL: |  1  2  3  4  5  6 |
---------------+-------------------+-----
Polearms       | 4 5 6 7 8 10 | 10.0
Fighting       | |  2.1
Armour         | |  0.6
Dodging        | |  2.6
Spellcasting   | |  2.0
Charms         | |  3.2

Action                   |  1- 3 |  4- 6 || total
-------------------------+-------+-------++-------
Melee: Spear             |   143 |   177 ||   320
 Cast: Infusion          |    16 |    16 ||    32
  Use: Potion            |       |     6 ||     6
       Scroll            |       |     5 ||     5
 Stab: Sleeping          |     2 |       ||     2
       Distracted        |     1 |       ||     1
  Eat: Chunk             |     3 |     8 ||    11
Armor: Leather armour    |    19 |    14 ||    33
Dodge: Dodged            |    65 |    87 ||   152
